 Dungeon Crawl Stone Soup version 0.21.1-1-g345015fe64 (webtiles) character file.

111 LeonEmoWolf the Slasher (level 5, -2/42 HPs)
             Began as a Human Berserker on Jan 18, 2018.
             Was a Believer of Trog.
             Slain by an ogre
             ... wielding a +0 giant spiked club
              (24 damage)
             ... on level 3 of the Dungeon on Feb 17, 2018.
             The game lasted 00:21:25 (2272 turns).

LeonEmoWolf the Slasher (Human Berserker)           Turns: 2272, Time: 00:21:25

Health: -2/42      AC:  7    Str: 18    XL:     5   Next: 15%
Magic:  5/5        EV: 10    Int:  8    God:    Trog [**....]
Gold:   157        SH:  0    Dex: 12    Spells: 4/4 levels left

rFire    . . .     SeeInvis .   a - +0 falchion
rCold    . . .     Gourm    .   (no shield)
rNeg     . . .     Faith    .   i - +0 scale mail
rPois    .         Spirit   .   (no helmet)
rElec    .         Reflect  .   (no cloak)
rCorr    .         Harm     .   f - +0 pair of gloves (curse)
MR       .....                  (no boots)
Stlth    ..........             (no amulet)
HPRegen  0.14/turn              (no ring)
MPRegen  0.09/turn              (no ring)

@: no status effects
A: no striking features
a: Berserk, Trog's Hand, Burn Spellbooks, Renounce Religion


You were on level 3 of the Dungeon.
You worshipped Trog.
Trog was pleased with you.
You were not hungry.

You visited 1 branch of the dungeon, and saw 3 of its levels.

You collected 157 gold pieces.

Inventory:

Hand Weapons
 a - a +0 falchion (weapon)
 e - a +0 club
 n - a +0 hunting sling
Missiles
 g - 54 stones (quivered)
 t - 5 tomahawks
Armour
 b - a +0 animal skin
 f - a cursed +0 pair of gloves (worn)
 i - a +0 scale mail (worn)
Scrolls
 j - 2 scrolls of teleportation {unknown}
 m - a scroll of remove curse {unknown}
 o - 3 scrolls of noise {unknown}
 p - a scroll of random uselessness {unknown}
 q - 3 scrolls of identify {unknown}
Potions
 d - a potion of lignification {unknown}
 h - a potion of agility {unknown}
 k - a potion of curing {unknown}
 l - a potion of haste {unknown}
 r - a potion of might
Comestibles
 c - 6 rations
 s - a chunk of flesh


   Skills:
 + Level 3.9 Fighting
 + Level 4.1 Long Blades
 + Level 2.6 Armour
 + Level 2.5 Dodging
 + Level 0.2 Stealth


You had 4 spell levels left.
You didn't know any spells.

Dungeon Overview and Level Annotations

Branches:
Dungeon (3/15)

Altars:
Qazlal


Message History

t - 5 tomahawks You now have 157 gold pieces (gained 10).
An ogre comes into view. It is wielding a giant spiked club.
You hit the ogre.
The ogre is lightly wounded.
The ogre hits you with a giant spiked club.
You hit the ogre.
The ogre is moderately wounded.
The ogre hits you with a giant spiked club!!
You hear an angry hiss.
You are too injured to fight recklessly!
You hear an angry hiss. x2
A ball python comes into view.
The ogre hits you but does no damage.
A ball python comes into view.
The ogre closely misses you.
You riposte.
You barely miss the ogre.
The ogre is lightly wounded.
The ogre hits you with a giant spiked club!!
Ouch! That really hurt!
You die...

... #.. .. ...# ..
#.. .# #.# .# #..##
##.# #..###..# .#
..#####.....# #.#
........)@..##..
.#######.)OS.#.#
#..S..#.# .
##.....).###
#.#..........#
###............#
.####..##......# .#
#........###
####.####.###.##...##


You could see an ogre and 2 ball pythons.

Vanquished Creatures
  A worker ant (D:2)
  An adder (D:3)
  An ooze (D:1)
  A dart slug (D:1)
  A leopard gecko (D:1)
  2 orcs (D:3)
  A ball python (D:3)
  7 bats
  3 giant cockroaches
  6 goblins
  7 hobgoblins
  12 jackals
  8 kobolds
  2 quokkas
  2 frilled lizards
  10 rats
65 creatures vanquished.

Vanquished Creatures (others)
  A fungus (D:3)
1 creature vanquished.

Grand Total: 66 creatures vanquished

Notes
Turn   | Place    | Note
-------+----------+-------------------------------------------
     0 | D:1      | LeonEmoWolf the Human Berserker began the quest for the Orb.
     0 | D:1      | Reached XP level 1. HP: 18/18 MP: 1/1
   105 | D:1      | Found a stormy altar of Qazlal.
   214 | D:1      | Upgraded the game from 0.21.0-8-gf18e19db4a to 0.21.1-1-g345015fe64
   218 | D:1      | Reached XP level 2. HP: 16/24 MP: 2/2
   482 | D:1      | Reached XP level 3. HP: 13/29 MP: 3/3
  1388 | D:2      | Reached XP level 4. HP: 26/37 MP: 4/4
  1471 | D:2      | Reached ** piety under Trog
  2100 | D:3      | Reached skill level 4 in Long Blades
  2100 | D:3      | Reached XP level 5. HP: 39/42 MP: 5/5
  2248 | D:3      | Noticed an ogre
  2272 | D:3      | Slain by an ogre

Skill      XL: |  1  2  3  4 |
---------------+-------------+-----
Long Blades    | 4 |  4.1
Fighting       | |  3.9
Armour         | |  2.6
Dodging        | |  2.5
Stealth        | |  0.2

Action                   |  1- 3 |  4- 6 || total
-------------------------+-------+-------++-------
Melee: Falchion          |   107 |    89 ||   196
  Use: Potion            |       |     3 ||     3
  Eat: Ration            |     1 |       ||     1
       Chunk             |       |     1 ||     1
Armor: Animal skin       |     8 |       ||     8
       Scale mail        |    35 |    71 ||   106
Dodge: Dodged            |    82 |    87 ||   169
       Rpst.: Falchion   |    23 |    31 ||    54
